 Dungeon Crawl Stone Soup version 0.31.0-1-g2c135a0 (webtiles) character file.

Game seed: 17423535781308131965

479 panskim the Trooper (level 6, -4/52 HPs)
             Began as a Mummy Fighter on Apr 9, 2024.
             Incinerated by a bombardier beetle (7 damage)
             ... with a burning spray
             ... on level 5 of the Dungeon.
             The game lasted 00:08:34 (3985 turns).

panskim the Trooper (Mummy Fighter)                 Turns: 3985, Time: 00:08:35

Health: -4/52      AC: 17    Str: 21    XL:     6   Next: 86%
Magic:  6/6        EV:  9    Int:  8    God:
Gold:   99         SH:  9    Dex: 11    Spells: 5/5 levels left

rFire   x . .        a - +0 long sword
rCold   + . .        c - +0 buckler
rNeg    + + +        b - +0 scale mail
rPois   ∞            (no helmet)
rElec   .            g - +2 cloak
rCorr   .            (no gloves)
SInv    .            (no boots)
Will    .....        n - amulet of reflection Stlth
                     h - +4 ring of protection
HPRegen 0.28/turn    l - +4 ring of protection
MPRegen 0.10/turn

%: reflection, faith
@: on fire, glowing
A: cold resistance 1, negative energy resistance 3, torment resistance 2, heat
vulnerability 1, in touch with death 1, no potions, faith
a: no special abilities


You were on level 5 of the Dungeon.
You visited 1 branch of the dungeon, and saw 5 of its levels.

You collected 99 gold pieces.

Inventory:

Hand Weapons
 a - a +0 long sword (weapon)
Missiles
 m - a throwing net (quivered)
Armour
 b - a +0 scale mail (worn)
 c - a +0 buckler (worn)
 g - a +2 cloak (worn)
Jewellery
 f - a ring of protection from cold
 h - a +4 ring of protection (left hand)
 l - a +4 ring of protection (right hand)
 n - an amulet of reflection (around neck)
Wands
 o - a wand of polymorph (12)
Scrolls
 d - a scroll of teleportation
 e - a scroll of blinking
 i - a scroll of vulnerability {unknown}
 j - 2 scrolls of silence
 k - 2 scrolls of poison
 p - a scroll of identify
 q - a scroll of enchant weapon {unknown}


   Skills:
 + Level 5.8 Fighting
 + Level 4.4 Long Blades
 - Level 2.5 Armour
 - Level 2.5 Shields


You had 5 spell levels left.
You didn't know any spells.
Your spell library contained the following spells:

 Spells                   Type           Power      Damage    Failure   Level
 Freeze                   Ice            0%         1d3       83%         1
 Frozen Ramparts          Ice            0%         1d1       99%         3
 Hailstorm                Conj/Ice       0%         3d5       99%         3


Dungeon Overview and Level Annotations

Branches:
Dungeon (5/15)
 Temple: D:4-7

Altars:
Cheibriados
Kikubaaqudgha
Nemelex Xobeh
Ru
Uskayaw

Shops:
D:1 =


Innate Abilities, Weirdness & Mutations

You are immune to poison.
Your flesh is cold resistant. (rC+)
You are immune to negative energy. (rN+++)
You are immune to unholy pain and torment.
You are vulnerable to heat. (rF-)
You are in touch with the powers of death.
You do not drink.
You have a special connection with the divine. (Faith)


Message History

You are too injured to fight recklessly!
You are too injured to fight recklessly!
You are too injured to fight recklessly!
You are too injured to fight recklessly!
You are too injured to fight recklessly!
You are too injured to fight recklessly!
You are too injured to fight recklessly!
You are too injured to fight recklessly!
You are too injured to fight recklessly!
You are too injured to fight recklessly!
You are too injured to fight recklessly!
You are too injured to fight recklessly!
You are too injured to fight recklessly!
You are too injured to fight recklessly!
You are too injured to fight recklessly!
You are too injured to fight recklessly!
Unknown command.
You are too injured to fight recklessly!
You are too injured to fight recklessly!
You closely miss the bombardier beetle.
The bombardier beetle is lightly wounded.
The liquid fire burns you!
* * * LOW HITPOINT WARNING * * *
You are too injured to fight recklessly!
You hit the bombardier beetle.
The bombardier beetle is heavily wounded.
The liquid fire burns you!
* * * LOW HITPOINT WARNING * * *
The bombardier beetle bites you but does no damage.
You are too injured to fight recklessly!
You slash the bombardier beetle!
The bombardier beetle is almost dead.
The liquid fire burns you!
* * * LOW HITPOINT WARNING * * *
The bombardier beetle bites you but does no damage.
You are too injured to fight recklessly!
You hit the bombardier beetle.
You kill the bombardier beetle!
The liquid fire burns you!
You die...

##.###.## ########.##
##.###### .........#
#....... ###.##.#.##
##.......
.........###.#######
#..##.#.#...##......
#..##...##.###.#####
#...........##.# #.
####.<@####+##....#
##
.........##.8.##..##
#
######.#..##...##..##
. #.##..##...##..###.
#......##...##.....
#.##....''.8.++..##
#.. #...##...##..##
......##...##..##
###..##...##..##


There were no monsters in sight!

Vanquished Creatures
  2 scorpions
  A bombardier beetle (D:5)
  2 orc priests
  An iguana (D:4)
  9 gnolls
  5 adders
  2 ufetubi (D:4)
  A dart slug (D:1)
  4 ribbon worms
  12 orcs
  6 ball pythons
  5 bats
  16 endoplasms
  5 giant cockroaches
  7 goblins
  9 hobgoblins
  A jackal (D:1)
  7 quokkas
  4 frilled lizards
  10 kobolds
  4 rats (D:1)
113 creatures vanquished.

Notes
Turn   | Place    | Note
-------+----------+-------------------------------------------
     0 | D:1      | panskim the Mummy Fighter began the quest for the Orb.
     0 | D:1      | Reached XP level 1. HP: 18/18 MP: 1/1
   102 | D:1      | Found Ixyfakec's Jewellery Shop.
   117 | D:1      | Reached XP level 2. HP: 19/24 MP: 2/2
   402 | D:1      | Reached XP level 3. HP: 29/29 MP: 3/3
  1333 | D:2      | Reached XP level 4. HP: 37/37 MP: 4/4
  1466 | D:2      | Found a faded altar of an unknown god.
  1495 | D:2      | Reached skill level 4 in Fighting
  2168 | D:3      | Found a snail-covered altar of Cheibriados.
  2174 | D:3      | Reached XP level 5. HP: 41/43 MP: 5/5
  2490 | D:3      | Found a faded altar of an unknown god.
  2504 | D:3      | Found a sacrificial altar of Ru.
  2766 | D:4      | Reached skill level 5 in Fighting
  2781 | D:4      | Reached XP level 6. HP: 35/51 MP: 6/6
  2993 | D:4      | Found a hide-covered altar of Uskayaw.
  2993 | D:4      | Found an ancient bone altar of Kikubaaqudgha.
  2994 | D:4      | Found a sparkling altar of Nemelex Xobeh.
  3392 | D:5      | Entered Level 5 of the Dungeon
  3406 | D:5      | Noticed Sigmund
  3723 | D:5      | Sigmund changed into Sigmund the frilled lizard
  3723 | D:5      | Noticed Sigmund
  3730 | D:5      | Killed Sigmund the frilled lizard
  3985 | D:5      | Incinerated by a bombardier beetle

Illustrated notes

Levels and vault maps discovered:
D:1:      dpeg_arrival_rooms_with_view, layout_basic, serial_shops, shop
D:2:      layout_basic, hellmonk_ecumenical_altar_leap_of_faith,
          chequers_serial_rivers_micro_d, grunt_ministairs_8
D:3:      layout_basic, overflow_temple_1_default,
          nicolae_overflow_ecumenical_swirl
D:4:      layout_rooms, gammafunk_temple_overflow_claw,
          dreamdust_princess_bridge, nicolae_titane
D:5:      layout_loops_ring, lemuel_coloured_pillars_altar,
          nicolae_elyvilon_peaceful_grove, chequers_ossuary_entry_cave,
          chequers_arboretum, minivault_4, grunt_decor_arrowhead, uniq_grinder,
          uniq_sigmund

Skill      XL: |  1  2  3  4  5  6 |
---------------+-------------------+-----
Long Blades    | 2 3 4 |  4.4
Fighting       | 4 5 |  5.8
Armour         | |  2.5
Shields        | |  2.5

Action                     |  1- 3 |  4- 6 || total
---------------------------+-------+-------++-------
  Melee: Long sword        |   131 |   350 ||   481
  Evoke: Wand              |       |     1 ||     1
    Use: Scroll            |       |     5 ||     5
 Armour: Scale mail        |   105 |   304 ||   409
  Dodge: Dodged            |    54 |   162 ||   216
  Block: Buckler           |    32 |   199 ||   231
         Reflection        |       |     3 ||     3
